 Dungeon Crawl Stone Soup version 0.22.2-1-ge965b3a (webtiles) character file.

24 AarnesTheHuman the Firebug (level 3, -1/28 HPs)
             Began as a Hill Orc Fire Elementalist on July 24, 2019.
             Slain by an adder (2 damage)
             ... on level 2 of the Dungeon.
             The game lasted 00:17:56 (1683 turns).

AarnesTheHuman the Firebug (HOFE)                   Turns: 1683, Time: 00:17:57

Health: -1/28      AC:  4    Str: 10    XL:     3   Next: 2%
Magic:  4/5        EV: 11    Int: 16    God:
Gold:   97         SH:  0    Dex: 11    Spells: 2/5 levels left

rFire    . . .     SeeInvis .   b - +0 club
rCold    + + .     Gourm    .   (no shield)
rNeg     . . .     Faith    .   i - +1 leather armour {rC+}
rPois    .         Spirit   .   (no helmet)
rElec    .         Reflect  .   (no cloak)
rCorr    .         Harm     .   (no gloves)
MR       .....                  (no boots)
Stlth    +.........             (no amulet)
HPRegen  0.09/turn              g - ring of protection from cold {Ring of Taking big big Dookie hehe}
MPRegen  0.09/turn              (no ring)

@: lethally poisoned (-1 -> -4)
A: no striking features
a: no special abilities


You were on level 2 of the Dungeon.
You were not hungry.

You visited 1 branch of the dungeon, and saw 2 of its levels.

You collected 97 gold pieces.

Inventory:

Hand Weapons
 b - a +0 club (weapon)
Missiles
 a - 4 needles of confusion
 d - 21 stones
 e - 17 arrows (quivered)
Armour
 i - a +1 leather armour of cold resistance (worn)
Jewellery
 g - a ring of protection from cold (left hand) {Ring of Taking big big Dookie hehe}
Scrolls
 m - a scroll of identify {unknown}
Potions
 f - a potion of might {unknown}
 h - a potion of resistance {unknown}
 j - a potion of agility {unknown}
 k - a potion of flight {unknown}
Comestibles
 c - 2 rations
 l - 3 chunks of flesh


   Skills:
 + Level 1.2 Fighting
 - Level 1.5 Dodging
 - Level 1.6 Stealth
 + Level 1.9 Spellcasting
 + Level 1.5 Conjurations
 + Level 3.6 Fire Magic


You had 2 spell levels left.
You knew the following spells:

 Your Spells              Type           Power        Failure   Level  Hunger
a - Flame Tongue          Conj/Fire      #....        10%         1    #......
b - Throw Flame           Conj/Fire      #.....       16%         2    ###....

Your spell library contained the following spells:

 Spells                   Type           Power        Failure   Level  Hunger
 Conjure Flame            Conj/Fire      #.......     30%         3    ###....
 Inner Flame              Hex/Fire       #.......     38%         3    ###....
 Sticky Flame             Conj/Fire      #.......     69%         4    #####..
 Fireball                 Conj/Fire      #.........   95%         5    ######.


Dungeon Overview and Level Annotations

Branches:
Dungeon (2/15)

Altars:


Message History

The adder bites you.
You closely miss the adder.
The adder is lightly wounded.
The quokka bites you but does no damage.
The adder bites you but does no damage. The quokka barely misses you.
You hit the adder.
The adder is heavily wounded.
The adder bites you.
The quokka bites you but does no damage.
The adder misses you. The quokka bites you. The adder bites you.
You are poisoned.
The adder poisons you! The worm bites you.
* * * LOW HITPOINT WARNING * * *
* * * LOW HITPOINT WARNING * * *
You feel sick. The adder misses you. The quokka closely misses you.
The adder bites you.
* * * LOW HITPOINT WARNING * * *
The adder bites you.
You die...

#.......# ###.####..♣♣♣♣
#.......##########........♣...
#................#.......P♣.♣P
####.............#.......♣.♣Pg
####................r....♣
##..<...............♣.♣
#####..)...........♣..♣
#............<.♣.♣.
#.@...........♣.P♣♣
#.rS<..[.....P♣..♣
#.w....######P.).§. #...####
##..P♣§ #.#.### ♣♣P§.
#.....########♣≈♣§♣ .
#..##..........♣♣§§
....####..#.........§...P♣
............####....♣♣=P..


You could see a worm, an adder and a quokka.

Vanquished Creatures
  An ooze (D:2)
  3 bats (D:1)
  A giant cockroach (D:1)
  2 goblins (D:1)
  A hobgoblin (D:1)
  3 kobolds
  3 quokkas (D:2)
  A frilled lizard (D:1)
  3 rats
18 creatures vanquished.

Notes
Turn   | Place    | Note
-------+----------+-------------------------------------------
     0 | D:1      | AarnesTheHuman the Hill Orc Fire Elementalist began the
                  | quest for the Orb.
     0 | D:1      | Reached XP level 1. HP: 14/14 MP: 3/3
   498 | D:1      | Reached XP level 2. HP: 21/22 MP: 0/4
   638 | D:1      | Learned a level 2 spell: Throw Flame
  1309 | D:2      | Reached skill level 1 in Fighting
  1566 | D:2      | Reached XP level 3. HP: 28/28 MP: 2/5
  1682 | D:2      | HP: 1/28 [adder (2)]
  1683 | D:2      | Slain by an adder

Skill      XL: |  1  2 |
---------------+-------+-----
Fighting       | 1 |  1.2
Dodging        | |  1.5
Stealth        | |  1.6
Spellcasting   | |  1.9
Conjurations   | |  1.5
Fire Magic     | |  3.6

Action                   || total
-------------------------++-------
Melee: Club              ||    35
 Cast: Flame Tongue      ||    23
       Throw Flame       ||     6
  Eat: Ration            ||     1
       Chunk             ||     1
Armor: Robe              ||    20
       Leather armour    ||    13
Dodge: Dodged            ||    65
